 Dungeon Crawl Stone Soup version 0.31-a0-523-g071a6c1ffa (webtiles) character file.

Game seed: 13052112818476353486

203 Ethylacetat the Ducker (level 5, -11/36 HPs)
             Began as an Octopode Gladiator on Aug 10, 2023.
             Killed by divine providence
             ... invoked by an orc priest
              (13 damage)
             ... on level 4 of the Dungeon.
             The game lasted 00:02:30 (2615 turns).

Ethylacetat the Ducker (Octopode Gladiator)         Turns: 2615, Time: 00:02:30

Health: -11/36     AC:  1    Str: 13    XL:     5   Next: 81%
Magic:  5/5        EV: 14    Int: 11    God:
Gold:   150        SH:  0    Dex: 15    Spells: 4/4 levels left

rFire   . . .        a - +0 long sword
rCold   . . .        (no shield)
rNeg    . . .        b - +0 hat
rPois   .            (no amulet)
rElec   .            (no ring)
rCorr   .            (no ring)
SInv    .            (no ring)
Will    .....        (no ring)
Stlth   ++++         (no ring)
HPRegen 0.26/turn    (no ring)
MPRegen 0.09/turn    (no ring)
                     (no ring)

%: no passive effects
@: no status effects
A: almost no armour, amphibious, 8 rings, camouflage 1, gelatinous body 1,
nimble swimmer 1, tentacles
a: no special abilities


You were on level 4 of the Dungeon.
You visited 1 branch of the dungeon, and saw 4 of its levels.

You collected 150 gold pieces.

Inventory:

Hand Weapons
 a - a +0 long sword (weapon)
Missiles
 c - 3 throwing nets (quivered)
 d - a javelin
Armour
 b - a +0 hat (worn)
Scrolls
 f - 2 scrolls of blinking {unknown}
 k - 4 scrolls of identify {unknown}
 l - a scroll of enchant armour {unknown}
 n - a scroll of summoning {unknown}
 o - a scroll of revelation {unknown}
 p - 3 scrolls of enchant weapon {unknown}
 q - 2 scrolls of amnesia {unknown}
 s - a scroll of noise {unknown}
Potions
 e - a potion of curing {unknown}
 g - a potion of magic {unknown}
 h - a potion of heal wounds {unknown}
 i - a potion of berserk rage {unknown}
 j - 2 potions of might {unknown}
 m - a potion of lignification {unknown}
 r - a potion of enlightenment {unknown}


   Skills:
 + Level 3.3 Fighting
 + Level 4.0 Long Blades
 - Level 2.0 Throwing
 + Level 4.0 Dodging
 + Level 3.6 Stealth


You had 4 spell levels left.
You didn't know any spells.
Your spell library was empty.

Dungeon Overview and Level Annotations

Branches:
Dungeon (4/15)
 Temple: D:4-7

Altars:
Gozag
Hepliaklqana
Okawaru
Sif Muna


Innate Abilities, Weirdness & Mutations

You cannot wear most types of armour.
You are amphibious.
You can wear up to eight rings at the same time.
Your skin changes colour to match your surroundings (Stealth+).
Your rubbery body absorbs attacks. (AC +1, EV +1)
You are camouflaged when in or above water. (Stealth+)
You have tentacles for arms and can constrict up to eight enemies at once.


Message History

The sleepcap is severely damaged.
You constrict the sleepcap, but do no damage.
The sleepcap releases spores at you.
You hit the sleepcap.
The sleepcap is almost destroyed.
You constrict the sleepcap. The sleepcap closely misses you.
You hit the sleepcap.
You destroy the sleepcap!
No target in view!
No target in view!
An orc comes into view. It is wielding a +3 trident.
An orc priest comes into view. It is wielding a +0 mace.
Found an escape hatch in the floor.
Found a maw talisman.
There are monsters nearby!
An orc comes into view.
It is wielding a +0 flail and wearing a +2 leather armour of willpower.
Found 11 gold pieces.
Found a stone staircase leading down.
You enter the shallow water.
The orc shouts!
The orc priest shouts!
The orc barely misses you. The orc completely misses you.
You completely miss the orc priest. Your grab misses the orc priest.
The orc priest looks encouraged for a moment.
The orc hits you with a +3 trident!
You completely miss the orc priest. You grab the orc priest.
You constrict the orc priest. The orc priest hits you with a +0 mace!
The orc splashes around in the water.
The orc hits the plant with a +0 flail!
The plant begins to die.
You hit the orc priest.
The orc priest is moderately wounded.
You constrict the orc priest.
The orc priest escapes!
The orc hits you with a +3 trident!
You barely miss the orc priest. You grab the orc priest.
You squeeze the orc priest, but do no damage.
The orc priest is heavily wounded.
You constrict the orc priest. The orc hits you with a +3 trident!
* * * LOW HITPOINT WARNING * * *
The orc priest calls down the wrath of Beogh upon you.
Beogh smites you!
You die...

~~~P♣♣ .........#####
≈≈~~~~~♣#..#####.....##
≈~PPP~PPP..#####.#......
~~P~P~P~♣..........#....
............##..###..###
~≈~~~≈~~♣......##....#
~~≈≈≈≈P~~~...?.......#
♣~≈~≈≈P~~~............
♣♣≈~Po@~♣...........
♣~~~oo~♣...........
♣~~PP~~P...........
♣♣~P~~~......$.....
..$P~~.............
..>..♣.....>.......
##.###...........%. #.
.........


You could see an orc priest and 2 orcs.

Vanquished Creatures
  2 hounds
  2 sleepcaps (D:4)
  Terence (D:2)
  An adder (D:3)
  A worm (D:2)
  5 orcs
  6 bats
  4 endoplasms
  2 giant cockroaches
  3 goblins
  4 hobgoblins
  A quokka (D:2)
  8 ball pythons
  3 frilled lizards (D:2)
  5 kobolds
  3 rats
51 creatures vanquished.

Notes
Turn   | Place    | Note
-------+----------+-------------------------------------------
     0 | D:1      | Ethylacetat the Octopode Gladiator began the quest for the
                  | Orb.
     0 | D:1      | Reached XP level 1. HP: 14/14 MP: 1/1
   329 | D:1      | Reached skill level 1 in Stealth
   329 | D:1      | Reached XP level 2. HP: 19/19 MP: 2/2
   736 | D:2      | Noticed Terence
   744 | D:2      | Killed Terence
   745 | D:2      | Reached XP level 3. HP: 7/25 MP: 3/3
  1154 | D:2      | Found a faded altar of an unknown god.
  1385 | D:3      | Found a hazy altar of Hepliaklqana.
  1425 | D:3      | Found an iron altar of Okawaru.
  1437 | D:3      | Reached XP level 4. HP: 25/30 MP: 4/4
  1460 | D:3      | Found an opulent altar of Gozag.
  1469 | D:3      | Found a shimmering blue altar of Sif Muna.
  2333 | D:4      | Reached XP level 5. HP: 19/36 MP: 5/5
  2615 | D:4      | Killed from afar by an orc priest

Illustrated notes

Levels and vault maps discovered:
D:1:      mrwooster_arrival_statue_3, layout_basic
D:2:      layout_loops_cross, dilly_ecumenical_altar_fadedgnrine, uniq_terence
D:3:      layout_basic, mainiacjoe_overflow_catwalk_spiral,
          mainiacjoe_overflow_brackets, overflow_temple_1_default,
          grunt_ministairs_6
D:4:      layout_rooms, nicolae_qazlal_scattered_showers,
          mainiacjoe_overflow_large_starburst, serial_bayou_lagoon_b,
          uniq_natasha

Skill      XL: |  1  2  3  4  5 |
---------------+----------------+-----
Stealth        | 1 2 3 |  3.6
Fighting       | 3 |  3.3
Long Blades    | 4 |  4.0
Dodging        | 4 |  4.0
Throwing       | |  2.0

Action                     |  1- 3 |  4- 6 || total
---------------------------+-------+-------++-------
  Melee: Long sword        |    46 |    51 ||    97
         Constrict         |    14 |    13 ||    27
         Tentacles         |    11 |     9 ||    20
         Punch             |       |     1 ||     1
   Stab: Sleeping          |    11 |     8 ||    19
 Armour: Skin              |     4 |     3 ||     7
  Dodge: Dodged            |    32 |    32 ||    64

Table legend: (Time is in decaauts)
 A = Elapsed time spent in this place.
 B = Non-inter-level travel time spent in this place.
 C = Inter-level travel time spent in this place.
 D = Time resting spent in this place.
 E = Time spent auto-exploring this place.
 F = Levels seen in this place.
 G = Mean time per level.
                   A        B        C        D        E       F      G
               +--------+--------+--------+--------+--------+-----+--------+
         Total |   2636 |   2512 |    124 |     97 |   2027 |   4 |  659.0 |
       Dungeon |   2636 |   2512 |    124 |     97 |   2027 |   4 |  659.0 |
               +--------+--------+--------+--------+--------+-----+--------+

Top non-repeatable levels by time:
     D:3: 1036 daAuts
     D:2: 756 daAuts
     D:1: 633 daAuts
     D:4: 210 daAuts
